 Dungeon Crawl Stone Soup version 0.24-a0-504-gcfb02b9d07 (webtiles) character file.

Game seed: 1193715748146854023

86 Gargoyl the Skirmisher (level 4, 0/38 HPs)
             Began as a Centaur Abyssal Knight on July 17, 2019.
             Was a Believer of Lugonu.
             Slain by an iguana (11 damage)
             ... on level 4 of the Dungeon.
             The game lasted 00:03:30 (2923 turns).

Gargoyl the Skirmisher (Centaur Abyssal Knight)     Turns: 2923, Time: 00:03:31

Health: 0/38       AC:  8    Str: 15    XL:     4   Next: 27%
Magic:  5/5        EV:  2    Int: 11    God:    Lugonu [**....]
Gold:   221        SH:  0    Dex:  9    Spells: 3/3 levels left

rFire    . . .     SeeInvis .   a - +1 hand axe
rCold    . . .     Gourm    .   (no shield)
rNeg     . . .     Faith    .   d - +0 plate armour
rPois    .         Spirit   .   (no helmet)
rElec    .         Reflect  .   (no cloak)
rCorr    .         Harm     .   (no gloves)
MR       .....                  (no barding)
Stlth    ..........             (no amulet)
HPRegen  0.12/turn              (no ring)
MPRegen  0.09/turn              (no ring)

@: very quick
A: large, hooves 3, deformed body, speed 2, tough skin 3
a: Depart the Abyss, Bend Space, Renounce Religion


You were on level 4 of the Dungeon.
You worshipped Lugonu.
Lugonu was pleased with you.
You were not hungry.

You visited 1 branch of the dungeon, and saw 4 of its levels.
You visited the Abyss 1 time.

You collected 221 gold pieces.

Inventory:

Hand Weapons
 a - a +1 hand axe (weapon)
Armour
 d - a +0 plate armour (worn)
Jewellery
 n - an uncursed amulet of rage {unknown}
Scrolls
 h - a scroll of blinking {unknown}
 j - a scroll of identify
 l - 3 scrolls of enchant armour {unknown}
Potions
 b - a potion of ambrosia {unknown}
 e - 3 potions of flight {unknown}
 f - 2 potions of might {unknown}
 g - a potion of heal wounds {unknown}
 i - 2 potions of agility {unknown}
 k - a potion of mutation {unknown}
 m - a potion of curing {unknown}
Comestibles
 c - 7 rations


   Skills:
 + Level 3.5 Fighting
 + Level 2.4 Axes
 * Level 2.1 Armour
 * Level 1.2 Dodging
 * Level 2.5 Invocations


You had 3 spell levels left.
You didn't know any spells.
Your spell library was empty.

Dungeon Overview and Level Annotations

Branches:
Dungeon (4/15)
 Temple: D:4-7

Altars:


Innate Abilities, Weirdness & Mutations

You have hooves in place of feet.
Armour fits poorly on your strangely shaped body.
You cover ground very quickly.
You have extremely tough skin. (AC +3)


Message History

You hit the iguana but do no damage.
The iguana is lightly wounded.
The iguana bites you but does no damage. x2
You hit the iguana.
The iguana is lightly wounded.
The iguana bites you.
You hit the iguana.
The iguana is moderately wounded.
The iguana bites you!
You completely miss the iguana.
The iguana is moderately wounded.
The iguana bites you!
You hit the iguana.
The iguana is severely wounded.
The iguana bites you.
* * * LOW HITPOINT WARNING * * *
You hit the iguana. Your kick misses the iguana.
The iguana is severely wounded.
The iguana bites you!
You die...

####
##.l##
#.@..#
#...?..#
#..##..##
#..# .##
...# ##
#..# ###


You could see an iguana.

Vanquished Creatures
  2 adders (D:2)
  An ooze (D:3)
  A worm (D:2)
  A dart slug (D:1)
  3 leopard geckos
  6 giant cockroaches
  5 goblins
  6 hobgoblins
  3 jackals (D:3)
  5 kobolds
  A quokka (D:2)
  A ball python (D:1)
  8 bats
  4 frilled lizards
  9 rats
56 creatures vanquished.

Notes
Turn   | Place    | Note
-------+----------+-------------------------------------------
     0 | Abyss:1  | Gargoyl the Centaur Abyssal Knight began the quest for the
                  | Orb.
     0 | Abyss:1  | Reached XP level 1. HP: 19/19 MP: 2/2
    29 | Abyss:1  | Noticed a cacodemon
    29 | Abyss:1  | Noticed a sixfirhy
    32 | Abyss:2  | Found a corrupted altar of Lugonu.
    70 | Abyss:4  | Noticed a raiju
    70 | Abyss:4  | Noticed a raiju
    70 | Abyss:4  | Noticed a raiju
    76 | D:1      | Escaped the Abyss
   417 | D:1      | Reached XP level 2. HP: 22/26 MP: 3/3
   492 | D:1      | Reached * piety under Lugonu
  1224 | D:2      | Reached XP level 3. HP: 30/31 MP: 4/4
  1278 | D:2      | Reached skill level 1 in Dodging
  2052 | D:2      | Reached XP level 4. HP: 30/38 MP: 5/5
  2622 | D:3      | Reached ** piety under Lugonu
  2923 | D:4      | Slain by an iguana

Levels and vault maps discovered:
D:1:      minmay_arrival_open_corners, layout_basic
D:2:      layout_loops_cross
D:3:      layout_basic
D:4:      layout_layer_cave, lemuel_doored_altar, nicolae_ossuary_entry_ruins,
          minmay_goblin_outpost, uniq_ijyb

Skill      XL: |  1  2  3 |
---------------+----------+-----
Axes           | 2 |  2.4
Dodging        | 1 |  1.2
Armour         | 2 |  2.1
Fighting       | |  3.5
Invocations    | |  2.5

Action                   |  1- 3 |  4- 6 || total
-------------------------+-------+-------++-------
Melee: Hand axe          |   125 |    46 ||   171
       Kick              |    16 |     5 ||    21
Invok: Depart the Abyss  |     1 |       ||     1
  Use: Scroll            |    10 |       ||    10
  Eat: Chunk             |     2 |     3 ||     5
Armor: Plate armour      |   128 |    40 ||   168
Dodge: Dodged            |     6 |     9 ||    15

Table legend:
 A = Non-vault XP
 B = Vault XP
 C = Vault XP percentage of total XP
 D = Non-vault monster count
 E = Vault monster count
 F = Vault count percentage of total count
                 A         B        C        D         E       F
            +---------+---------+-------+---------+---------+-------
      Total |     124 |       0 |   0.0 |      56 |       0 |   0.0
            +---------+---------+-------+---------+---------+-------
        D:1 |      39 |       0 |   0.0 |      23 |       0 |   0.0
        D:2 |      59 |       0 |   0.0 |      21 |       0 |   0.0
        D:3 |      26 |       0 |   0.0 |      12 |       0 |   0.0
            +---------+---------+-------+---------+---------+-------
